 Dungeon Crawl Stone Soup version 0.31.0-9-g3a7656b989 (webtiles) character file.

Game seed: 14636466118180695359

564 qw the Shooter (level 7, -2/35 HPs)
             Began as a Spriggan Hunter on Feb 2, 2024.
             Incinerated by a bombardier beetle (4 damage)
             ... with a burning spray
             ... on level 7 of the Dungeon.
             The game lasted 00:00:12 (2517 turns).

qw the Shooter (Spriggan Hunter)                    Turns: 2517, Time: 00:00:13

Health: -2/35      AC:  2    Str:  7    XL:     7   Next: 10%
Magic:  8/8        EV: 22    Int: 10    God:
Gold:   181        SH:  0    Dex: 21    Spells: 6/6 levels left

rFire   . . .        a - +0 shortbow
rCold   . . .        (shield currently unavailable)
rNeg    . . .        c - +0 robe
rPois   .            (helmet restricted)
rElec   .            (no cloak)
rCorr   .            (gloves unavailable)
SInv    +            (boots unavailable)
Will    +....        d - amulet of regeneration
Stlth   +            (no ring)
HPRegen 1.05/turn    (no ring)
MPRegen 0.11/turn

%: no passive effects
@: on fire, glowing, very quick
A: very small, no large weapons, unfitting armour, see invisible, speed 3
a: no special abilities


You were on level 7 of the Dungeon.
You visited 1 branch of the dungeon, and saw 5 of its levels.

You collected 181 gold pieces.


Innate Abilities, Weirdness & Mutations

You are very small and have problems with some larger weapons.
You are too small for most types of armour.
You have supernaturally acute eyesight. (SInv)
You cover ground extremely quickly. (Speed+++)


   Skills:
 - Level 2.0 Fighting
 - Level 7.1 Ranged Weapons
 + Level 6.6 Dodging
 - Level 1.5 Stealth


You had 6 spell levels left.
You didn't know any spells.
Your spell library was empty.

Inventory:

Hand Weapons
 a - a +0 shortbow (weapon)
Armour
 b - the +2 robe of Subjectivity {Str-4 Int+8}
   (You found it on level 2 of the Dungeon)

   Str-4:     It affects your strength (-4).
   Int+8:     It affects your intelligence (+8).
 c - a +0 robe (worn)
Jewellery
 d - an amulet of regeneration (around neck)
 e - a +6 ring of strength
Scrolls
 g - a scroll of brand weapon {unknown}
 i - a scroll of identify
Potions
 f - a potion of curing {unknown}
 h - a potion of attraction {unknown}

Dungeon Overview and Level Annotations

Branches:
Dungeon (4/15)
 Temple: D:4-7

Altars:
Trog

Shops:
D:1 !


Message History

The arrow hits the bombardier beetle but does no damage.
The bombardier beetle is severely wounded.
The liquid fire burns you!
You shoot an arrow.
The arrow hits the bombardier beetle but does no damage.
The bombardier beetle is severely wounded.
The liquid fire burns you!
The bombardier beetle barely misses you.
You shoot an arrow. The arrow hits the bombardier beetle.
The bombardier beetle is severely wounded.
The liquid fire burns you!
The bombardier beetle sprays incendiary fluid at you.
The burning spray hits you.
You are even more covered in liquid fire!
You shoot an arrow.
The arrow barely misses the bombardier beetle.
The liquid fire burns you!
You shoot an arrow.
The arrow hits the bombardier beetle but does no damage.
The bombardier beetle is severely wounded.
The liquid fire burns you!
The bombardier beetle barely misses you.
You shoot an arrow. The arrow hits the bombardier beetle.
You kill the bombardier beetle!
The liquid fire burns you!
You are on fire!
The liquid fire burns you!
You are on fire!
The liquid fire burns you!
You are on fire!
The liquid fire burns you!
You are on fire!
The liquid fire burns you!
You are on fire!
The liquid fire burns you!
A deep elf pyromancer comes into view. It is wielding a +0 long sword.
You shoot an arrow.
The arrow barely misses the deep elf pyromancer.
The liquid fire burns you!
You die...

... #.# #.# ##?### .
#.... # .. #... .#
#).###..####.#
.......@#....#
....#........# #
#...#.#..# #........#
### #.##.##.##
#.####### #.##.##.#
#........
###..)....############
...e...........####
.........#####.....


You could see a deep elf pyromancer.

Vanquished Creatures
  An ogre (D:4)
  2 killer bees (D:7)
  A bombardier beetle (D:7)
  A hound (D:4)
  Natasha (D:1)
  An iguana (D:4)
  An orc wizard (D:3)
  Robin (D:2)
  8 gnolls (D:3)
  4 adders
  4 ribbon worms
  2 dart slugs (D:1)
  11 orcs
  5 ball pythons
  8 endoplasms
  4 giant cockroaches
  15 goblins
  10 hobgoblins
  4 jackals (D:1)
  9 kobolds
  6 bats
  9 frilled lizards
  7 rats
115 creatures vanquished.

Notes
Turn   | Place    | Note
-------+----------+-------------------------------------------
     0 | D:1      | qw the Spriggan Hunter began the quest for the Orb.
     0 | D:1      | Reached XP level 1. HP: 10/10 MP: 2/2
     0 | D:1      | 0 ||| qw: Version: 0.3-a-155-g5e7d8dd
     0 | D:1      | 0 ||| qw: Game counter: 2014
     0 | D:1      | 0 ||| qw: Melee chars always use a shield: true
     0 | D:1      | 0 ||| qw: God list: Okawaru
     0 | D:1      | 0 ||| qw: Allow faded altars: false
     0 | D:1      | 0 ||| qw: Do Orc after clearing Dungeon:15 true
     0 | D:1      | 0 ||| qw: Do second Lair branch before Depths: true
     0 | D:1      | 0 ||| qw: Lair rune preference: random
     0 | D:1      | 0 ||| qw: Goals: Normal
     0 | D:1      | 0 ||| PLANNING D:1-11
    68 | D:1      | Reached skill level 3 in Dodging
    96 | D:1      | Reached XP level 2. HP: 14/14 MP: 3/3
   189 | D:1      | Found Juaphaid's Distillery.
   196 | D:1      | 196 ||| SHOPLISTING 2 potions of enlightenment (140 gold,
                  | have 28).
   196 | D:1      | 196 ||| SHOPLISTING potion of curing (42 gold, have 28).
   499 | D:1      | Reached XP level 3. HP: 13/18 MP: 4/4
   719 | D:1      | 719 ||| UPGRADING to amulet of regeneration.
   724 | D:1      | 724 ||| READING scroll labelled BAXKEU BORA.
   725 | D:1      | 725 ||| READING 4 scrolls labelled JAAZXYQYWN.
   726 | D:1      | 726 ||| READING scroll labelled KOLAB IREU.
   726 | D:1      | 726 ||| IDENTIFYING fizzy silvery potion
   727 | D:1      | 727 ||| DROPPING scroll of butterflies.
   728 | D:1      | 728 ||| DROPPING 3 scrolls of noise.
   729 | D:1      | 729 ||| DROPPING potion of brilliance.
   793 | D:2      | Noticed Natasha
   794 | D:2      | 794 ||| STAIRDANCE
   798 | D:2      | 798 ||| STAIRDANCE
   802 | D:2      | 802 ||| STAIRDANCE
   806 | D:2      | 806 ||| STAIRDANCE
   813 | D:2      | 813 ||| STAIRDANCE
   818 | D:1      | Killed Natasha
   819 | D:1      | Reached skill level 5 in Ranged Weapons
   836 | D:2      | Identified the +2 robe of Subjectivity {Str-4 Int+8}
   912 | D:2      | Reached XP level 4. HP: 22/22 MP: 5/5
  1112 | D:2      | Noticed Robin
  1134 | D:2      | Killed Robin
  1171 | D:2      | Found a faded altar of an unknown god.
  1429 | D:2      | 1429 ||| READING scroll of identify.
  1429 | D:2      | 1429 ||| IDENTIFYING scroll labelled CAZ WICZEYFONI
  1430 | D:2      | 1430 ||| READING 2 scrolls labelled GIPPAM NUECUGG.
  1431 | D:2      | 1431 ||| DROPPING scroll of vulnerability.
  1432 | D:2      | 1432 ||| DROPPING scroll of blinking.
  1624 | D:3      | Reached XP level 5. HP: 17/26 MP: 6/6
  1628 | D:3      | HP: 5/26 [goblin/+0 club (4)]
  1662 | D:3      | HP: 3/26 [gnoll/+0 halberd (7)]
  1893 | D:3      | Reached skill level 6 in Ranged Weapons
  2037 | D:3      | 2037 ||| READING scroll labelled VARUMN NIPUIBU.
  2038 | D:3      | 2038 ||| READING scroll labelled IPESOU EBLIAS.
  2069 | D:4      | Reached XP level 6. HP: 30/30 MP: 7/7
  2132 | D:4      | Reached skill level 6 in Dodging
  2362 | D:4      | Found a bloodstained altar of Trog.
  2384 | D:4      | You fall into a shaft and drop 3 floors!
  2437 | D:7      | 2437 ||| PLANNING OSSUARY
  2480 | D:7      | Reached skill level 7 in Ranged Weapons
  2485 | D:7      | Reached XP level 7. HP: 35/35 MP: 8/8
  2514 | D:7      | HP: 6/35 [burnt (5)]
  2515 | D:7      | HP: 2/35 [burnt (6)]
  2516 | D:7      | Noticed a deep elf pyromancer
  2517 | D:7      | Incinerated by a bombardier beetle

Levels and vault maps discovered:
D:1:      lemuel_arrival_muddy, layout_loops_cross, serial_shops,
          nicolae_shop_rolling_square, minmay_domino_4
D:2:      layout_loops_ring, ebering_ecumenical_altar_box,
          minmay_curled_crystal, uniq_natasha, uniq_robin,
          uniq_crazy_yiuf_cottage
D:3:      layout_basic, hangedman_decor_points, palyth_stone_intersect
D:4:      layout_basic, fedhas_altar_2, marbit_many_paths
D:7:      layout_loops_cross, general_overflow_altar,
          nicolae_ru_the_path_less_chosen, zin_angel, serial_shops,
          nicolae_shop_window_shopping, nicolae_ossuary_entry_monument

Skill      XL: |  1  2  3  4  5  6 |
---------------+-------------------+-----
Dodging        | 3 4 5 6 |  6.6
Ranged Weapons | 5 6 7 |  7.1
Fighting       | 2 |  2.0
Stealth        | |  1.5

Action                     |  1- 3 |  4- 6 |  7- 9 || total
---------------------------+-------+-------+-------++-------
   Fire: Shortbow          |    94 |   255 |    14 ||   363
    Use: Scroll            |     3 |     4 |       ||     7
 Armour: Robe              |    14 |    35 |       ||    49
  Dodge: Dodged            |    33 |   114 |     4 ||   151

Table legend:
 A = Non-vault XP
 B = Vault XP
 C = Vault XP percentage of total XP
 D = Non-vault monster count
 E = Vault monster count
 F = Vault count percentage of total count
                 A         B        C        D         E       F
            +---------+---------+-------+---------+---------+-------
      Total |     727 |      80 |   9.9 |      98 |      17 |  14.8
            +---------+---------+-------+---------+---------+-------
        D:1 |      50 |      40 |  44.4 |      29 |       3 |   9.4
        D:2 |      35 |      38 |  52.1 |      13 |      13 |  50.0
        D:3 |     210 |       0 |   0.0 |      30 |       0 |   0.0
        D:4 |     242 |       2 |   0.8 |      17 |       1 |   5.6
        D:7 |     190 |       0 |   0.0 |       9 |       0 |   0.0
            +---------+---------+-------+---------+---------+-------
